 Dungeon Crawl Stone Soup version 0.30.0-5-g1a98f26d00 (webtiles) character file.

Game seed: 14109359953027577940

24 LobsterGuardian the Charlatan (level 3, 0/20 HPs)
             Began as a Kobold Artificer on May 8, 2023.
             Succumbed to an adder's poison
             ... on level 2 of the Dungeon.
             The game lasted 00:04:54 (1285 turns).

LobsterGuardian the Charlatan (Kobold Artificer)    Turns: 1285, Time: 00:04:54

Health: 0/20       AC:  3    Str: 11    XL:     3   Next: 15%
Magic:  3/3        EV: 14    Int: 12    God:
Gold:   63         SH:  0    Dex: 15    Spells: 2/2 levels left

rFire   . . .        a - +0 club
rCold   . . .        (no shield)
rNeg    . . .        b - +0 leather armour
rPois   .            (no helmet)
rElec   .            (no cloak)
rCorr   +            (no gloves)
SInv    .            (no boots)
Will    +....        (no amulet)
Stlth   +++          h - ring of resist corrosion
HPRegen 0.23/turn    i - ring of willpower
MPRegen 0.08/turn

%: no passive effects
@: brilliant, lethally poisoned (0 -> -14)
A: small, no large weapons, nightstalker 3
a: no special abilities


You were on level 2 of the Dungeon.
You visited 1 branch of the dungeon, and saw 2 of its levels.

You collected 63 gold pieces.

Inventory:

Hand Weapons
 a - a +0 club (weapon)
Armour
 b - a +0 leather armour (worn)
Jewellery
 h - a ring of resist corrosion (left hand)
 i - a ring of willpower (right hand)
 j - a ring of fire
Wands
 c - a wand of flame (3) (quivered)
 d - a wand of charming (15)
 e - a wand of iceblast (5)
Scrolls
 g - a scroll of immolation {unknown}
 k - 2 scrolls of identify {unknown}
 l - a scroll of butterflies {unknown}
Potions
 f - a potion of brilliance


   Skills:
 + Level 1.2 Fighting
 * Level 1.2 Maces & Flails
 - Level 1.0 Armour
 + Level 2.6 Dodging
 + Level 1.7 Stealth
 + Level 4.0 Evocations


You had 2 spell levels left.
You didn't know any spells.
Your spell library contained the following spells:

 Spells                   Type           Power      Damage    Failure   Level
 Olgreb's Toxic Radiance  Pois           0%         N/A       99%         4
 Discord                  Hex            0%         N/A       100%        8
 Ignition                 Fire           0%         3d3       100%        8


Dungeon Overview and Level Annotations

Branches:
Dungeon (2/15)

Altars:

Shops:
D:2 =


Innate Abilities, Weirdness & Mutations

You are small and have problems with some larger weapons.
You are completely attuned to the shadows.


Message History

The adder is lightly wounded.
The adder barely misses you. The adder misses you.
You miss the adder.
The adder is lightly wounded.
The adder closely misses you. The adder bites you.
You hit the adder but do no damage.
The adder is lightly wounded.
The adder bites you.
You closely miss the adder.
The adder is lightly wounded.
The adder bites you. The adder bites you but does no damage.
You closely miss the adder.
The adder is lightly wounded.
The adder closely misses you. The adder misses you.
The puff of flame misses the adder.
The adder barely misses you.
The puff of flame misses the adder.
The adder barely misses you.
The puff of flame misses the adder.
The adder misses you.
The puff of flame misses the adder.
The adder bites you.
You are poisoned.
The adder poisons you! The adder barely misses you.
Aiming: Throw Flame
Press: ? - help, Shift-Dir - straight line, f/p - adder
Aim: an adder (lightly wounded, 53% to hit)
The puff of flame hits the adder.
The adder is heavily wounded.
You feel sick. The adder bites you.
You are lethally poisoned!
The adder poisons you!
Aiming: Throw Flame
Press: ? - help, Shift-Dir - straight line, f/p - adder
Aim: an adder (heavily wounded, 53% to hit)
The puff of flame misses the adder.
* * * LOW HITPOINT WARNING * * *
You feel sick. The adder bites you.
* * * LOW HITPOINT WARNING * * *
You are more poisoned.
The adder poisons you!
It was a potion of brilliance.
You feel clever all of a sudden.
You die...

#.##..>..
#.# #.#
#.# #.#
#.####
#....#
#.....
#@...#
#.S...
##....
.... ....


You could see an adder.

Vanquished Creatures
  A dart slug (D:1)
  A ball python (D:1)
  4 endoplasms
  3 goblins
  2 hobgoblins (D:1)
  2 kobolds (D:1)
  4 bats (D:1)
  A frilled lizard (D:1)
  A rat (D:1)
19 creatures vanquished.

Notes
Turn   | Place    | Note
-------+----------+-------------------------------------------
     0 | D:1      | LobsterGuardian the Kobold Artificer began the quest for
                  | the Orb.
     0 | D:1      | Reached XP level 1. HP: 12/12 MP: 1/1
   276 | D:1      | Reached XP level 2. HP: 8/16 MP: 2/2
   454 | D:1      | Reached skill level 4 in Evocations
   748 | D:1      | Reached skill level 1 in Maces & Flails
   808 | D:1      | Reached skill level 1 in Armour
   901 | D:1      | Reached XP level 3. HP: 20/20 MP: 3/3
  1174 | D:2      | Found Migremui's Jewellery Boutique.
  1285 | D:2      | Succumbed to an adder's poison

Illustrated notes

Levels and vault maps discovered:
D:1:      spicycebolla_green_bress_n_ham, layout_loops_ring
D:2:      kennysheep_the_goblin_king, layout_basic, serial_shops, shop,
          nrook_campfire

Skill      XL: |  1  2 |
---------------+-------+-----
Evocations     | 4 |  4.0
Maces & Flails | 1 |  1.2
Armour         | 1 |  1.0
Fighting       | |  1.2
Dodging        | |  2.6
Stealth        | |  1.7

Action                     || total
---------------------------++-------
  Melee: Club              ||    96
         Punch             ||     2
  Evoke: Wand              ||    12
    Use: Scroll            ||     3
         Potion            ||     1
   Stab: Sleeping          ||    10
 Armour: Leather armour    ||    24
  Dodge: Dodged            ||    84
